 Dungeon Crawl Stone Soup version 0.25.0-9-g26727b657a (webtiles) character file.

Game seed: 18170704176553010585

13638 nightchill the Envoy of Void (level 12, -1/99 HPs)
             Began as a Formicid Abyssal Knight on June 16, 2020.
             Was a High Priest of Lugonu.
             Slain by a yak (7 damage)
             ... on level 2 of the Lair of Beasts.
             The game lasted 00:37:21 (18779 turns).

nightchill the Envoy of Void (FoAK)                Turns: 18779, Time: 00:37:22

Health: -1/99      AC: 12    Str: 29    XL:     12   Next: 35%
Magic:  20/20      EV:  2    Int: 11    God:    Lugonu [*****.]
Gold:   926        SH: 12    Dex:  6    Spells: 11/11 levels left

rFire    . . .     SeeInvis +   b - +0 battleaxe
rCold    + . .     Gourm    .   m - +0 tower shield (curse)
rNeg     . . .     Faith    .   C - +0 plate armour
rPois    +         Spirit   .   (helmet unavailable)
rElec    +         Reflect  .   (no cloak)
rCorr    .         Harm     .   (no gloves)
MR       +....                  q - +0 pair of boots (curse)
Stlth    ..........             (no amulet)
HPRegen  0.26/turn              o - +6 ring of strength
MPRegen  0.17/turn              x - ring of Sunlight {rElec rPois rC+ Dex-4} (curse)

@: no status effects
A: permanent stasis, dig shafts and tunnels, four strong arms, antennae 3
a: Dig, Shaft Self, Depart the Abyss, Bend Space, Banish, Corrupt, Enter the
Abyss, Renounce Religion


You were on level 2 of the Lair of Beasts.
You worshipped Lugonu.
Lugonu was extremely pleased with you.
You were not hungry.

You visited 2 branches of the dungeon, and saw 12 of its levels.
You visited the Abyss 1 time.

You collected 926 gold pieces.

Inventory:

Hand Weapons
 a - a +2 whip of electrocution
 b - a +0 battleaxe (weapon)
 J - a +0 broad axe of flaming
Missiles
 h - 3 curare-tipped darts (quivered)
 A - 25 poisoned darts
 K - 3 throwing nets
Armour
 k - a +0 chain mail
 m - a cursed +0 tower shield (worn)
 q - a cursed +0 pair of boots (worn)
 C - a +0 plate armour (worn)
Jewellery
 o - a +6 ring of strength (left hand)
 x - the cursed ring of Sunlight (right hand) {rElec rPois rC+ Dex-4}
   (You found it on level 5 of the Dungeon)

   [ring of dexterity]

   It affects your dexterity (-4).
   It protects you from cold.
   It insulates you from electricity.
   It protects you from poison.
   It has a curse placed upon it.
 y - an uncursed ring of resist corrosion {unknown}
Wands
 t - a wand of iceblast (6)
 H - a wand of acid (5)
 I - a wand of polymorph (3)
 L - a wand of digging (3)
Scrolls
 f - 2 scrolls of fear
 g - 2 scrolls of remove curse
 r - a scroll of blinking {unknown}
 u - 2 scrolls of magic mapping
 v - 3 scrolls of teleportation
 w - a scroll of random uselessness
 z - a scroll of enchant weapon
 B - 5 scrolls of identify
 D - 2 scrolls of amnesia {unknown}
 F - a scroll of fog {unknown}
 N - a scroll of enchant armour {unknown}
 P - a scroll of acquirement {unknown}
Potions
 d - a potion of curing
 e - 3 potions of lignification
 i - a potion of mutation {unknown}
 j - a potion of degeneration
 l - 2 potions of flight
 n - a potion of ambrosia
 p - a potion of heal wounds
 s - a potion of haste {unknown}
 E - a potion of brilliance
 G - 2 potions of might
 M - a potion of magic {unknown}
 O - a potion of berserk rage {unknown}
Comestibles
 c - 22 rations


   Skills:
 + Level 10.9 Fighting
 * Level 10.5(11.7) Axes
 - Level 8.9(11.0) Maces & Flails
 - Level 2.1 Armour
 - Level 0.8 Dodging
 + Level 11.5 Invocations


You had 11 spell levels left.
You didn't know any spells.
Your spell library contained the following spells:

 Spells                   Type           Power        Failure   Level  Hunger
 Freeze                   Ice            #...         100%        1    ##.....
 Summon Small Mammal      Summ           #...         100%        1    ##.....
 Call Imp                 Summ           #.......     100%        2    ###....
 Call Canine Familiar     Summ           #.......     100%        3    ####...
 Frozen Ramparts          Ice            #.....       100%        3    ####...
 Ozocubu's Armour         Chrm/Ice       #.......     100%        3    ####...
 Summon Guardian Golem    Hex/Summ       #.......     100%        3    ####...
 Hailstorm                Conj/Ice       #.......     100%        4    #####..
 Summon Ice Beast         Ice/Summ       #.......     100%        4    #####..
 Summon Lightning Spire   Summ/Air       #.......     100%        4    #####..
 Bolt of Magma            Conj/Fire/Erth #.........   100%        5    ######.
 Iskenderun's Battlesphe  Conj/Chrm      #.......     100%        5    ######.
 Iron Shot                Conj/Erth      #.........   100%        6    #######
 Orb of Destruction       Conj           #.........   100%        7    #######
 Spellforged Servitor     Conj/Summ      #.........   100%        7    #######


Dungeon Overview and Level Annotations

Branches:
Dungeon (10/15)            Temple (0/1) D:4            Lair (2/6) D:8
  Swamp: Lair:2-4    Shoals: Lair:2-4     Snake: Lair:2-4    Spider: Lair:2-4
    Orc: D:9-12

Altars:
Cheibriados
Dithmenos
Elyvilon
Fedhas
Kikubaaqudgha
Okawaru
Qazlal
Ru
Trog
Wu Jian
Xom
Yredelemnul
Zin
The Shining One

Annotations:
Lair:1 exclusions: downstairs and 2 oklob plants
Abyss:1 Harold, Sonja


Innate Abilities, Weirdness & Mutations

You cannot be hasted, slowed, berserked, paralysed or teleported.
You can dig through walls and to a lower floor.
Your four strong arms can wield two-handed weapons with a shield.
You have a pair of large antennae on your head. (SInv)


Message History

You hit the yak but do no damage. You block the yak's attack. x2
You barely miss the yak.
The yak is severely wounded.
You slash the yak! The yak gores you but does no damage.
You block the yak's attack. The yak completely misses you.
You barely miss the yak.
The yak is severely wounded.
Your shield and plate armour prevent you from hitting the yak.
The yak gores you but does no damage. You block the yak's attack.
The yak gores you.
* * * LOW HITPOINT WARNING * * *
You slash the yak!
You kill the yak!
Lugonu accepts your kill.
You barely miss the yak. The yak gores you!
* * * LOW HITPOINT WARNING * * *
You slash the yak!
The yak is almost dead.
The yak gores you!
You die...

.....................
#....................
#....###.#.###.......
#....#.......#.......
#..).'.......+..Y.P.#
##....#.......#.......
#P.....†..............
#P..†Y................
##...@#(......P.......
#.....#............#.P
#.....#+#.#.##........
#..^............#..#..
##..............#...P.
#......#.###...+.....
#......##.# ..... ..
#.......### )....
##......####P ##


You could see a yak.

Vanquished Creatures
  A centaur warrior (D:10)
  An elephant (Lair:2)
  A black mamba (Lair:2)
  A komodo dragon (Lair:2)
  A hippogriff (D:8)
  3 blink frogs (Lair:2)
  Sigmund (D:2)
  A spriggan (D:7)
  12 yaks
  2 wyverns
  A basilisk (Lair:1)
  A hungry ghost (D:9)
  A porcupine (Lair:2)
  5 water moccasins
  2 orc warriors
  A phantom (D:10)
  2 sky beasts
  6 ogres
  7 centaurs
  3 crocodiles
  2 big kobolds (D:9)
  11 bullfrogs
  2 scorpions
  8 killer bees
  14 wights
  6 howler monkeys
  5 crimson imps
  A bullfrog zombie (D:10)
  3 hounds
  4 jellies
  11 orc priests
  10 orc wizards
  3 centaur skeletons
  An iron imp (D:8)
  Terence (D:2)
  3 iguanas
  2 polar bear simulacra (Lair:2)
  6 worker ants
  3 yak simulacra (Lair:2)
  3 wolf simulacra (Lair:2)
  A hound skeleton (D:7)
  A hound zombie (D:6)
  3 gnolls (D:5)
  9 adders
  2 shadow imps
  3 adder skeletons
  4 worms
  3 dart slugs
  4 leopard geckos
  51 orcs
  7 giant cockroaches
  3 goblins
  10 hobgoblins
  9 jackals
  14 kobolds
  2 quokkas
  6 bats
  4 frilled lizards
  2 gnoll zombies (D:3)
  2 goblin zombies (D:8)
  4 hobgoblin zombies (D:8)
  A jackal skeleton (D:6)
  A jackal zombie (D:5)
  A kobold skeleton (D:8)
  2 kobold zombies (D:8)
  2 leopard gecko skeletons
  2 orc skeletons (D:8)
  An orc zombie (D:8)
  A quokka skeleton (D:6)
  8 rats
  3 river rat simulacra (Lair:2)
  A fungus (Lair:2)
  A plant (Lair:1)
320 creatures vanquished.

Vanquished Creatures (others)
  A two-headed ogre (D:10)
  A necromancer (Lair:2)
  An elephant (Lair:2)
  A komodo dragon (Lair:1)
  A troll (D:9)
  A blink frog (Lair:2)
  7 fungi (Lair:2)
  5 plants (Lair:2)
  4 toadstools (D:7)
22 creatures vanquished.

Grand Total: 342 creatures vanquished

Notes
Turn   | Place    | Note
-------+----------+-------------------------------------------
     0 | Abyss:1  | nightchill the Formicid Abyssal Knight began the quest for
                  | the Orb.
     0 | Abyss:1  | Reached XP level 1. HP: 18/18 MP: 2/2
     8 | D:1      | Escaped the Abyss
   303 | D:1      | Reached XP level 2. HP: 21/24 MP: 3/3
   772 | D:1      | Reached XP level 3. HP: 27/29 MP: 3/5
  1467 | D:2      | Reached ** piety under Lugonu
  1948 | D:2      | Found an iron altar of Okawaru.
  1979 | D:2      | Reached skill level 3 in Invocations
  1979 | D:2      | Reached XP level 4. HP: 36/37 MP: 6/6
  2185 | D:2      | Noticed Sigmund
  2197 | D:2      | Killed Sigmund
  2197 | D:2      | Reached XP level 5. HP: 10/43 MP: 7/7
  2197 | D:2      | Reached XP level 6. HP: 11/49 MP: 8/8
  2348 | D:2      | Reached skill level 4 in Invocations
  2468 | D:2      | Noticed Terence
  2497 | D:2      | Killed Terence
  2715 | D:2      | Found a white marble altar of Elyvilon.
  3328 | D:3      | Reached skill level 5 in Axes
  3647 | D:3      | Reached XP level 7. HP: 55/55 MP: 10/10
  3963 | D:3      | Found a basalt altar of Yredelemnul.
  4076 | D:3      | Found a stormy altar of Qazlal.
  4971 | D:4      | Found a shadowy altar of Dithmenos.
  4999 | D:4      | Reached skill level 5 in Fighting
  4999 | D:4      | Reached skill level 1 in Maces & Flails
  5511 | D:4      | Found a staircase to the Ecumenical Temple.
  5577 | D:4      | Reached skill level 5 in Invocations
  5582 | D:4      | Reached *** piety under Lugonu
  6216 | D:4      | Reached XP level 8. HP: 63/63 MP: 11/11
  6392 | D:5      | Entered Level 5 of the Dungeon
  6993 | D:5      | Found a blossoming altar of Fedhas.
  7084 | D:5      | Got a twitching granite ring
  7144 | D:5      | Identified the cursed ring of Sunlight {rElec rPois rC+
                  | Dex-4} (You found it on level 5 of the Dungeon)
  7322 | D:5      | Reached skill level 6 in Invocations
  7425 | D:5      | Found a glowing silver altar of Zin.
  7962 | D:6      | Reached skill level 5 in Maces & Flails
  8150 | D:6      | Reached XP level 9. HP: 63/71 MP: 13/13
  8259 | D:6      | Reached **** piety under Lugonu
  8323 | D:6      | Found a bloodstained altar of Trog.
  8337 | D:6      | Found an ancient bone altar of Kikubaaqudgha.
  8435 | D:6      | Reached skill level 7 in Invocations
  9128 | D:7      | Found a sacrificial altar of Ru.
 10667 | D:7      | Reached skill level 8 in Invocations
 10667 | D:7      | Reached XP level 10. HP: 80/80 MP: 14/16
 11003 | D:8      | Found a glowing golden altar of the Shining One.
 11062 | D:8      | Reached ***** piety under Lugonu
 11458 | D:8      | Found a staircase to the Lair.
 11655 | D:8      | Found an ornate altar of the Wu Jian Council.
 11678 | D:8      | Found a snail-covered altar of Cheibriados.
 11979 | D:9      | Reached skill level 9 in Invocations
 12104 | D:9      | Found a shimmering altar of Xom.
 12881 | D:9      | Paralysed by fainting for 8 turns
 13078 | D:10     | Entered Level 10 of the Dungeon
 13106 | D:10     | Noticed a centaur warrior
 13130 | D:10     | Killed a centaur warrior
 13449 | D:9      | Reached XP level 11. HP: 35/89 MP: 18/18
 14127 | D:9      | Reached skill level 10 in Invocations
 14191 | D:10     | Noticed a two-headed ogre
 14218 | D:10     | Banished a two-headed ogre
 14608 | D:10     | Noticed Harold
 14635 | D:9      | Banished Harold
 15095 | Lair:1   | Entered Level 1 of the Lair of Beasts
 15120 | Lair:1   | Noticed an oklob plant
 15122 | Lair:1   | Noticed an oklob plant
 15345 | Lair:1   | Reached skill level 10 in Fighting
 16693 | Lair:2   | Noticed Sonja
 16790 | Lair:2   | Noticed an elephant
 16814 | Lair:2   | Banished an elephant
 17093 | Lair:2   | Banished Sonja
 17125 | Lair:2   | Noticed a necromancer
 17144 | Lair:2   | Banished a necromancer
 17144 | Lair:2   | Reached skill level 11 in Invocations
 17144 | Lair:2   | Reached XP level 12. HP: 20/98 MP: 15/20
 18020 | Lair:2   | Reached skill level 10 in Axes
 18779 | Lair:2   | Slain by a yak

Illustrated notes

Levels and vault maps discovered:
D:1:      scummos_arrival_hexagon, layout_basic
D:2:      layout_loops_corners, okawaru_gym_becter, elyvilon_altar_5,
          kennysheep_generic_room_2, uniq_terence, uniq_sigmund
D:3:      layout_basic, lemuel_zombie_altar_yredelemnul, grunt_qazlal_sundering
D:4:      layout_basic, minmay_temple_entry_sparse_star,
          minmay_misc_feat_nine_boxes, minivault_27, hangedman_decor_opposing,
          nicolae_dithmenos_shadow_blocks
D:5:      layout_basic, fedhas_bush_and_centaur_altar,
          nicolae_overflow_hidden_temple, first_ration
D:6:      layout_basic, amethyst_overflow_temple_binary
D:7:      layout_basic, nicolae_ru_sacrificial_ziggurat,
          minmay_gold_behind_fungi, the_bakery
D:8:      layout_rooms, nicolae_tso_besieged_by_evil,
          lemuel_coloured_pillars_altar, cheibriados_altar_1,
          columned_hall_lemuel, hangedman_decor_points, st_stairs_7
D:9:      layout_stronghold, xom_teletrap_fun
D:10:     layout_cave_pools, small_statue_intersection, uniq_harold
Lair:1:   layout_regular_city, disabler_island, lemuel_fruit_tree
Lair:2:   layout_chaotic_city, ebering_ghost_disaster_area, st_stairs_9,
          eino_house_with_fridge, uniq_sonja

Skill      XL: |  1  2  3  4  5  6  7  8  9 10 11 12 |
---------------+-------------------------------------+-----
Axes           | 3 4 5 6 9 10 | 10.5
Invocations    | 3 4 5 6 8 9 11 | 11.5
Fighting       | 4 5 6 7 9 10 | 10.9
Maces & Flails | 2 5 7 8 |  8.9
Armour         | |  2.1
Dodging        | |  0.8

Action                   |  1- 3 |  4- 6 |  7- 9 | 10-12 || total
-------------------------+-------+-------+-------+-------++-------
Melee: Hand axe          |   119 |    88 |       |       ||   207
       War axe           |       |     3 |       |       ||     3
       Whip              |       |     8 |   519 |   629 ||  1156
       Broad axe         |       |       |       |   101 ||   101
       Battleaxe         |       |       |       |    52 ||    52
Invok: Banish            |       |       |       |    12 ||    12
 Abil: Dig               |       |       |     2 |     6 ||     8
  Use: Scroll            |       |     4 |     1 |    11 ||    16
       Potion            |       |     3 |     1 |     2 ||     6
  Eat: Chunk             |     3 |     6 |    19 |    18 ||    46
       Ration            |       |       |     1 |     5 ||     6
Armor: Leather armour    |    39 |     7 |       |       ||    46
       Chain mail        |       |    14 |   126 |       ||   140
       Plate armour      |       |       |    62 |   352 ||   414
Dodge: Dodged            |    84 |    31 |    60 |    51 ||   226
Block: Tower shield      |       |       |   278 |   445 ||   723
